 Dungeon Crawl Stone Soup version 0.30-b1-2-g02819fbbbe (webtiles) character file.

Game seed: 13510935937061541411

1880 ketsa the Basher (level 8, -1/66 HPs)
             Began as an Armataur Fighter on May 13, 2023.
             Was an Elder of Fedhas.
             Killed from afar by an acid dragon (19 damage)
             ... with a splash of acid
             ... on level 7 of the Dungeon.
             The game lasted 00:24:56 (6447 turns).

ketsa the Basher (Armataur Fighter)                 Turns: 6447, Time: 00:24:56

Health: -1/66      AC: 10    Str: 25    XL:     8   Next: 91%
Magic:  8/12       EV:  8    Int:  8    God:    Fedhas [****..]
Gold:   389        SH:  4    Dex:  9    Spells: 7/7 levels left

rFire   . . .        D - +1 flail (drain)
rCold   . . .        c - +0 buckler
rNeg    . . .        w - +2 ring mail {Will+}
rPois   .            (no helmet)
rElec   .            J - +0 cloak
rCorr   .            z - +0 pair of gloves
SInv    +            (no barding)
Will    +....        (no amulet) Stlth
                     A - ring of see invisible
HPRegen 0.31/turn    I - ring of flight
MPRegen 0.13/turn

%: roll
@: flying
A: large, rugged brown scales 3, deformed body, armoured tail, roll, long
tongue, awkward tongue
a: Renounce Religion, Wall of Briars, Grow Ballistomycete, Overgrow


You were on level 7 of the Dungeon.
You worshipped Fedhas.
Fedhas was greatly pleased with you.
You visited 1 branch of the dungeon, and saw 7 of its levels.

You collected 389 gold pieces.

Inventory:

Hand Weapons
 a - a +0 flail
 q - a +0 whip
 D - a +1 flail of draining (weapon)
 M - a +2 morningstar of holy wrath
Missiles
 n - 39 poisoned darts (quivered)
 x - 38 stones
 K - a throwing net
 O - 3 boomerangs of dispersal
Armour
 b - a +0 scale mail
 c - a +0 buckler (worn)
 v - a +0 ring mail
 w - a +2 ring mail of willpower (worn)
 y - the +3 salamander hide armour {Flames, rFlCloud rF++ rC--}
   (You found it on level 3 of the Dungeon)

   Flames:    It surrounds you with flame clouds and enhances your fire magic.
   rFlCloud:  It grants immunity to flame clouds.
   rF:        It greatly protects you from fire.
   rC:        It makes you very vulnerable to cold.
 z - a +0 pair of gloves (worn)
 J - a +0 cloak (worn)
Jewellery
 e - a ring of wizardry
 t - a +6 ring of intelligence
 A - a ring of see invisible (left hand)
 I - a ring of flight (right hand)
Wands
 u - a wand of quicksilver (7)
 L - a wand of paralysis (11)
 N - a wand of flame (11)
Scrolls
 f - 5 scrolls of vulnerability
 g - 4 scrolls of enchant armour
 h - a scroll of fog {unknown}
 j - 3 scrolls of fear
 k - 2 scrolls of teleportation
 l - a scroll of noise {unknown}
 o - a scroll of torment
 p - a scroll of poison {unknown}
 s - a scroll of amnesia {unknown}
 B - 4 scrolls of magic mapping {unknown}
 C - 2 scrolls of immolation
 H - a scroll of brand weapon {unknown}
Potions
 d - 2 potions of might
 i - a potion of brilliance
 r - a potion of lignification
 F - a potion of heal wounds
 G - a potion of haste
 P - a potion of invisibility {unknown}


   Skills:
 - Level 2.6 Fighting
 * Level 9.3 Maces & Flails
 - Level 3.6 Armour
 - Level 3.2 Shields
 + Level 5.7 Invocations


You had 7 spell levels left.
You didn't know any spells.
Your spell library contained the following spells:

 Spells                   Type           Power      Damage    Failure   Level
 Freeze                   Ice            0%         1d3       61%         1
 Blink                    Tloc           0%         N/A       75%         2
 Lesser Beckoning         Tloc           0%         N/A       75%         2
 Momentum Strike          Conj/Tloc      0%         3d8       75%         2
 Dazzling Flash           Conj/Hex       0%         N/A       93%         3
 Frozen Ramparts          Ice            0%         1d1       93%         3
 Hailstorm                Conj/Ice       0%         3d3       93%         3
 Agony                    Necr           0%         N/A       100%        5
 Silence                  Hex/Air        0%         N/A       100%        5


Dungeon Overview and Level Annotations

Branches:
Dungeon (7/15)
 Temple: D:4-7

Altars:
Fedhas
Trog


Innate Abilities, Weirdness & Mutations

You are completely covered in rugged brown scales. (AC +3, +7% HP)
Armour fits poorly on your strangely shaped body.
You have a long armoured tail.
You roll when moving toward enemies. (Rampage)
Your long tongue fully drains potion bottles. (2x potion effects)
Your tongue gives you trouble enunciating. (1.5x scroll delay)


Message History

The centaur dies!
Aiming: Overgrow
Press: ? - help, Dir - move target, f - you You cannot grow anything here.
Aiming: Grow Ballistomycete (17% risk of failure)
Press: ? - help, Dir - move target A ballistomycete grows from the ground.
The vampire mumbles some strange words.
The vampire flickers and vanishes for a moment.
The acid dragon bites you but does no damage.
You block the acid dragon's attack.
You closely miss the vampire. You tail-slap the vampire.
The vampire is moderately damaged.
The vampire hits you but does no damage.
The vampire bites you but does no damage.
The acid dragon spits acid at you. The splash of acid hits you!!
The vampire hits your ballistomycete. The vampire bites your ballistomycete.
You hit the acid dragon. You drain the acid dragon.
You tail-slap the acid dragon!
The acid dragon is heavily wounded.
You block the acid dragon's attack.
The acid dragon claws you but does no damage.
The vampire hits your ballistomycete! The vampire bites your ballistomycete.
A ballistomycete spore comes into view.
You closely miss the acid dragon.
The acid dragon is heavily wounded.
The acid dragon bites you!
* * * LOW HITPOINT WARNING * * *
The acid dragon completely misses you.
The vampire hits your ballistomycete but does no damage.
The vampire bites your ballistomycete but does no damage.
You barely miss the acid dragon.
The acid dragon is heavily wounded.
The vampire hits your ballistomycete.
The vampire completely misses your ballistomycete.
The acid dragon spits acid at you. The splash of acid hits you!!
You die...
Fedhas appreciates your contribution to the ecosystem.

...##ccPP.##..###'##### #.#
#.##V#####.##.........# #.#
###D## ##.##.##)###c# #.# #.##
##.#.##.###.# #.# #.#
#.#.....##.# #.# .....cH#
##.......#.# #.# .#.#c..!..
#.#......).########.#
⌠#.##.VD..##.#.*D*V............#
##. #?[[##.##..@P...###########
#.#####.##.......##
#.....##.......##
###.###....##.## #.....##..###.#
#..#.#..##..##.########
#..##.##..##.#.........#######
#..#.....#..#.#..####.........#
.#.##.....##.#....####.#.#####.#


You could see a vampire (invisible), an acid dragon (catching breath, drained,
ally target), a friendly ballistomycete (summoned) and 2 friendly ballistomycete
spores.

Vanquished Creatures
  Edmund (D:4)
  A black bear (D:5)
  An ice beast (D:5)
  A sky beast (D:7)
  2 centaurs
  A phantom (D:4)
  2 kobold brigands (D:6)
  3 scorpions
  4 killer bees (D:6)
  A howler monkey (D:4)
  5 hounds
  2 jellies (D:4)
  An orc priest (D:7)
  2 gnoll boudas
  5 iguanas
  3 orc wizards
  4 adders
  6 gnolls
  A shadow imp (D:5)
  A white imp (D:7)
  2 ufetubi
  2 dart slugs (D:2)
  25 orcs
  A bat (D:1)
  2 endoplasms
  4 goblins
  3 hobgoblins
  6 jackals
  16 kobolds
  2 quokkas (D:2)
  9 ball pythons
  6 frilled lizards
  5 rats
130 creatures vanquished.

Vanquished Creatures (others)
  A centaur (D:7)
  A sleepcap (D:4)
2 creatures vanquished.

Grand Total: 132 creatures vanquished

Notes
Turn   | Place    | Note
-------+----------+-------------------------------------------
     0 | D:1      | ketsa the Armataur Fighter began the quest for the Orb.
     0 | D:1      | Reached XP level 1. HP: 19/19 MP: 1/1
    79 | D:1      | Found a faded altar of an unknown god.
   156 | D:1      | Reached skill level 2 in Maces & Flails
   342 | D:1      | Reached XP level 2. HP: 16/26 MP: 2/2
  1287 | D:1      | Prayed at the altar of an unknown god.
  1287 | D:1      | Became a worshipper of Fedhas Madash
  1287 | D:1      | Reached * piety under Fedhas
  1407 | D:2      | Reached skill level 3 in Maces & Flails
  1659 | D:2      | Reached XP level 3. HP: 32/32 MP: 3/3
  2125 | D:2      | Reached skill level 4 in Maces & Flails
  2125 | D:2      | Reached XP level 4. HP: 30/39 MP: 4/4
  2332 | D:3      | Found the +3 salamander hide armour {Flames, rFlCloud rF++
                  | rC--}
  2463 | D:3      | Noticed a scorpion
  2466 | D:3      | Killed a scorpion
  2683 | D:3      | Reached XP level 5. HP: 44/44 MP: 5/5
  2969 | D:4      | Reached skill level 5 in Maces & Flails
  2977 | D:4      | Reached ** piety under Fedhas
  3017 | D:4      | Noticed Edmund
  3117 | D:4      | Noticed a phantom
  3127 | D:4      | Killed a phantom
  3128 | D:4      | Reached skill level 1 in Invocations
  3139 | D:4      | Reached XP level 6. HP: 22/53 MP: 3/6
  3153 | D:4      | Killed Edmund
  3154 | D:4      | Reached skill level 6 in Maces & Flails
  3612 | D:5      | Entered Level 5 of the Dungeon
  3692 | D:5      | Reached XP level 7. HP: 46/59 MP: 7/9
  3897 | D:5      | Reached skill level 7 in Maces & Flails
  4950 | D:5      | Reached *** piety under Fedhas
  4993 | D:6      | Reached XP level 8. HP: 63/66 MP: 11/11
  5081 | D:6      | Reached skill level 8 in Maces & Flails
  5478 | D:6      | Reached skill level 5 in Invocations
  5940 | D:7      | Identified the +0 short sword of Departure {protect, rElec}
  6006 | D:7      | Reached **** piety under Fedhas
  6018 | D:7      | Reached skill level 9 in Maces & Flails
  6223 | D:7      | Identified the +0 plate armour of Joqupax {*Slow Str+8
                  | Int+3}
  6340 | D:7      | Found a bloodstained altar of Trog.
  6340 | D:7      | Noticed a manticore
  6447 | D:7      | Killed from afar by an acid dragon

Illustrated notes

Levels and vault maps discovered:
D:1:      dpeg_arrival_round_b, layout_loops_corners,
          hellmonk_ecumenical_altar_blasted, minmay_misc_feat_rugged,
          minmay_lizard_pond
D:2:      layout_basic, amcnicky_mini_rare_corridor_liquid
D:3:      layout_basic
D:4:      layout_basic, minmay_misc_feat_roman, uniq_edmund
D:5:      layout_loops_corners
D:6:      layout_basic, hangedman_decor_opposing
D:7:      minmay_the_grid_octo_2x2 [minmay_the_grid_octo_vomiting_pacman,
          minmay_the_grid_octo_shrine, minmay_the_grid_octo_horde,
          minmay_the_grid_octo_prize_big_c], layout_loops_corners,
          amcnicky_altar_gilded, minmay_temple_entry_glass, uniq_duvessa

Skill      XL: |  1  2  3  4  5  6  7  8 |
---------------+-------------------------+-----
Maces & Flails | 2 3 4 5 6 7 9 |  9.3
Invocations    | 1 2 4 5 |  5.7
Fighting       | |  2.6
Armour         | |  3.6
Shields        | |  3.2

Action                     |  1- 3 |  4- 6 |  7- 9 || total
---------------------------+-------+-------+-------++-------
  Melee: Flail             |   109 |    79 |   296 ||   484
         Tailslap          |     6 |     9 |    25 ||    40
  Throw: Dart              |     1 |     3 |     2 ||     6
 Invoke: Wall of Briars    |       |     1 |     1 ||     2
         Grow Ballistomyce |       |       |     1 ||     1
    Use: Scroll            |       |     7 |     3 ||    10
         Potion            |       |     2 |     4 ||     6
 Armour: Scale mail        |    52 |       |       ||    52
         Ring mail         |    12 |    34 |   190 ||   236
         Skin              |       |     5 |       ||     5
  Dodge: Dodged            |    52 |    25 |   139 ||   216
  Block: Buckler           |    34 |    20 |    58 ||   112
